 Dungeon Crawl Stone Soup version 0.21.1-68-g103a7af (webtiles) character file.

11 meralisa the Ruffian (level 2, -5/25 HPs)
             Began as a Naga Transmuter on Aug 1, 2018.
             Killed from afar by a dart slug (7 damage)
             ... with a slug dart
             ... on level 1 of the Dungeon.
             The game lasted 00:02:11 (274 turns).

meralisa the Ruffian (Naga Transmuter)               Turns: 274, Time: 00:02:12

Health: -5/25      AC:  1    Str: 12    XL:     2   Next: 29%
Magic:  4/5        EV: 10    Int: 13    God:
Gold:   8          SH:  0    Dex: 11    Spells: 4/5 levels left

rFire    . . .     SeeInvis +   e - +0 short sword
rCold    . . .     Gourm    .   (no shield)
rNeg     . . .     Faith    .   b - +0 robe
rPois    +         Spirit   .   (no helmet)
rElec    .         Reflect  .   (no cloak)
rCorr    .         Harm     .   (no gloves)
MR       .....                  (no barding)
Stlth    +.........             (no amulet)
HPRegen  0.08/turn              (no ring)
MPRegen  0.09/turn              (no ring)

@: appendage, very slow
A: large, horns 2, see invisible, deformed body, poison resistance, slowness 2,
slow metabolism 1, spit poison 1, AC +0
a: Spit Poison, End Transformation


You were on level 1 of the Dungeon.
You were not hungry.
You had grown temporary horns.
You visited 1 branch of the dungeon, and saw 1 of its levels.

You collected 8 gold pieces.

Inventory:

Hand Weapons
 e - a +0 short sword (weapon)
 f - a +0 hunting sling
 j - a +0 spear
Missiles
 a - 33 arrows
Armour
 b - a +0 robe (worn)
Scrolls
 i - a scroll of identify {unknown}
 k - a scroll of amnesia {unknown}
Potions
 g - 3 potions of ambrosia {unknown}
Books
 c - a book of Changes

   Spells                             Type                      Level
   a - Beastly Appendage              Transmutation                1
   b - Sticks to Snakes               Transmutation                2
   c - Spider Form                    Transmutation/Poison         3
   d - Ice Form                       Ice/Transmutation            4
   e - Blade Hands                    Transmutation                5
Comestibles
 d - a ration
 h - a chunk of flesh
 l - an inedible chunk of flesh


   Skills:
 + Level 1.0 Fighting
 + Level 1.6 Dodging
 + Level 3.4 Unarmed Combat
 + Level 2.1 Spellcasting
 + Level 2.1 Transmutations


You had 4 spell levels left.
You knew the following spells:

 Your Spells              Type           Power        Failure   Level  Hunger
a - Beastly Appendage     Tmut           #.....       11%         1    ##.....


Dungeon Overview and Level Annotations

Branches:
Dungeon (1/15)

Altars:


Innate Abilities, Weirdness & Mutations

You cannot wear boots.
Your serpentine skin is tough. (AC +0)
You have supernaturally acute eyesight. (SInv)
Armour fits poorly on your strangely shaped body.
Your system is resistant to poisons. (rPois)
You cover ground very slowly.
You have a slow metabolism.
You can spit poison.
You have a pair of horns on your head.


Message History

Casting: Beastly Appendage
Confirm with . or Enter, or press ? or * to list all spells.
You grow a pair of large bovine horns.
The kobold barely misses you.
You closely miss the kobold.
You kill the kobold!
Your transformation is almost over.
The dart slug launches a dart at you. The slug dart hits you!
* * * LOW HITPOINT WARNING * * *
You see here a dagger.
Your horns disappear.
Casting: Beastly Appendage
Confirm with . or Enter, or press ? or * to list all spells.
You grow a pair of large bovine horns.
Some of the chunks of flesh in your inventory have rotted away.
You hit the dart slug but do no damage. You headbutt the dart slug!
The dart slug is severely wounded.
The dart slug launches a dart at you. The slug dart hits you!
You die...

##### ...... ##########...#
...... .........#...########
.....#
.........#.....##...#######.....#
.........#...#...................
.........#.....w@....#####.......
....)....).......###....##.......
.####.#..รท.....###
####..)#.....# #...........#
###..#...# ##..#.......# ##..# .#
##..#.......# ##.# .#
#..........## #.##.##
#...##.......###### ##.....#
...#.##............#####.......


You could see a dart slug.

Vanquished Creatures
  A leopard gecko (D:1)
  2 bats (D:1)
  2 ball pythons (D:1)
  4 kobolds (D:1)
  4 rats (D:1)
13 creatures vanquished.

Notes
Turn   | Place    | Note
-------+----------+-------------------------------------------
     0 | D:1      | meralisa the Naga Transmuter began the quest for the Orb.
     0 | D:1      | Reached XP level 1. HP: 18/18 MP: 3/3
   157 | D:1      | Reached XP level 2. HP: 25/25 MP: 3/5
   260 | D:1      | HP: 1/25 [dart slug/slug dart (4)]
   274 | D:1      | Killed from afar by a dart slug

Action                   || total
-------------------------++-------
Melee: Unarmed           ||    13
       Short sword       ||    25
       Headbutt          ||     5
 Cast: Beastly Appendage ||     8
Armor: Robe              ||     7
Dodge: Dodged            ||    21
